 Dungeon Crawl Stone Soup version 0.25-a0-545-ge4db218 (webtiles) character file.

Game seed: 4247930176535743436, levelgen mode: deterministic

4711 wolfsongas the Protected (level 10, -2/76 HPs)
             Began as a Gnoll Wanderer on Feb 21, 2020.
             Was a High Priest of Cheibriados.
             Slain by a death yak (13 damage)
             ... on level 8 of the Dungeon.
             The game lasted 00:11:37 (5984 turns).

wolfsongas the Protected (Gnoll Wanderer)           Turns: 5984, Time: 00:11:37

Health: -2/76      AC: 19    Str: 33    XL:     10   Next: 45%
Magic:  0/17       EV: 13    Int: 25    God:    Cheibriados [*****.]
Gold:   339        SH:  7    Dex: 28    Spells: 19/19 levels left

rFire    . . .     SeeInvis .   m - +6 long sword "Tukkywof" {drain, Str+4}
rCold    + . .     Gourm    .   h - +0 buckler
rNeg     . . .     Faith    .   s - +0 plate armour
rPois    .         Spirit   +   o - +2 helmet
rElec    .         Reflect  .   c - +0 cloak
rCorr    .         Harm     .   k - +0 pair of gloves
MR       .....                  (no boots)
Stlth    +.........             j - amulet of guardian spirit
HPRegen  0.22/turn              d - ring of stealth
MPRegen  0.15/turn              (no ring)

@: studying Ice Magic, lightly drained, very slow
A: distributed training, fangs 1, cold resistance 1, strong 1, strong nose
a: Bend Time, Temporal Distortion, Slouch, Step From Time, Renounce Religion


You were on level 8 of the Dungeon.
You worshipped Cheibriados.
Cheibriados was extremely pleased with you.
You were not hungry.

You visited 1 branch of the dungeon, and saw 8 of its levels.

You collected 339 gold pieces.

Inventory:

Hand Weapons
 m - the +6 long sword "Tukkywof" (weapon) {drain, Str+4}
   (You found it on level 4 of the Dungeon)

   A truly terrible weapon, it drains the life of those it strikes.
   It affects your strength (+4).
 r - a +2 battleaxe of electrocution
 x - a +4 scimitar of flaming
Missiles
 e - 288 stones (quivered)
Armour
 c - a +0 cloak (worn)
 h - a +0 buckler (worn)
 k - a +0 pair of gloves (worn)
 o - a +2 helmet (worn)
 s - a +0 plate armour (worn)
Jewellery
 d - a ring of stealth (left hand)
 j - an amulet of guardian spirit (around neck)
Wands
 q - a wand of flame (10)
 u - a wand of iceblast (8)
 v - a wand of acid (6)
 w - a wand of paralysis (8)
Scrolls
 b - 2 scrolls of teleportation
 g - 3 scrolls of remove curse
 i - 2 scrolls of blinking
 n - a scroll of enchant weapon
Potions
 t - a potion of ambrosia
Books
 p - a manual of Ice Magic
Comestibles
 f - 19 rations


   Skills:
 + Level 5.9(5.6) Fighting
 + Level 5.9(5.6) Short Blades
 + Level 5.2(4.9) Long Blades
 + Level 5.2(4.9) Axes
 + Level 5.9(5.6) Maces & Flails
 + Level 5.2(4.9) Polearms
 + Level 5.2(4.9) Staves
 + Level 5.2(4.9) Slings
 + Level 5.2(4.9) Bows
 + Level 5.2(4.9) Crossbows
 + Level 5.9(5.6) Throwing
 + Level 8.4(8.2) Armour
 + Level 5.9(5.6) Dodging
 + Level 5.8(5.5) Stealth
 + Level 5.9(5.6) Shields
 + Level 5.2(4.9) Unarmed Combat
 + Level 5.2(4.9) Spellcasting
 + Level 4.3(4.0) Conjurations
 + Level 4.3(4.0) Hexes
 + Level 4.3(4.0) Charms
 + Level 4.3(4.0) Summonings
 + Level 4.3(4.0) Necromancy
 + Level 4.3(4.0) Translocations
 + Level 4.3(4.0) Transmutations
 + Level 4.3(4.0) Fire Magic
 + Level 5.1(4.8) Ice Magic
 + Level 4.3(4.0) Air Magic
 + Level 4.3(4.0) Earth Magic
 + Level 4.3(4.0) Poison Magic
 + Level 5.7(5.4) Invocations
 + Level 5.2(4.9) Evocations


You had 19 spell levels left.
You didn't know any spells.
Your spell library contained the following spells:

 Spells                   Type           Power        Failure   Level  Hunger
 Magic Dart               Conj           ####         11%         1    None
 Blink                    Tloc           N/A          16%         2    None
 Call Imp                 Summ           ####....     16%         2    None
 Slow                     Hex            ####....     16%         2    None
 Conjure Flame            Conj/Fire      ####....     30%         3    ##.....
 Mephitic Cloud           Conj/Pois/Air  ####....     30%         3    ##.....


Dungeon Overview and Level Annotations

Branches:
Dungeon (8/15)             Temple (0/1) D:7            Lair (0/6) D:8

Altars:
Cheibriados
Elyvilon
Gozag
Kikubaaqudgha
Nemelex Xobeh
Qazlal
Zin
Beogh

Annotations:
D:5 3 runed translucent doors, ardl's ghost, novice MiHu


Innate Abilities, Weirdness & Mutations

Your experience applies equally to all skills.
You have very sharp teeth.
Your uncanny sense of smell can sniff out nearby items.
Your flesh is cold resistant. (rC+)
Your muscles are strong. (Str +2)


Message History

The porcupine bites you but does no damage.
The death yak gores you but does no damage.
You feel better. You block the hell rat's attack.
The death yak closely misses you.
A hound comes into view.
You block the hell rat's attack.
The porcupine twitches its whiskers.
The porcupine closely misses you. The hell rat bites you.
You feel drained. The death yak gores you.
Okay, then.
The hound barks!
You slash the hell rat!
The hell rat is heavily wounded.
The hell rat bites you! The death yak gores you!
* * * LOW HITPOINT WARNING * * *
You block the porcupine's attack. The hell rat barely misses you.
You riposte.
You slash the hell rat!
The hell rat is severely wounded.
The hell rat barely misses you. The death yak gores you!
You die...

..##.....# #....#
#........# #....#∆
#.......####+##....#
#...[..............#
#..................#
#..................#
###..###.....†..#..#
####.###........rr.####.
..##..##........@r...h.#
..###.##........YY.....#
..# #.##...........#.).#
..# #..#...........# ..#
..# ##.#............. ..
..####.#####+##....>..
....?#..# ##.......
.....##.# .##........
.....##.# ##.##..


You could see 2 death yaks, 2 hell rats, a porcupine and a hound.

Vanquished Creatures
  Erica (D:8)
  A death yak (D:8)
  A cyclops (D:6)
  Grinder (D:6)
  Eustachio (D:6)
  Edmund (D:4)
  2 water moccasins
  2 orc warriors (D:7)
  A sky beast (D:8)
  An ice beast (D:6)
  A black bear (D:7)
  2 ogres (D:7)
  2 centaurs
  Blork the orc (D:4)
  5 bullfrogs
  A scorpion (D:5)
  4 howler monkeys
  3 crimson imps
  5 lava snakes (D:7)
  A quasit (D:4)
  A centaur skeleton (D:5)
  3 orc priests
  3 hounds
  A jelly (D:5)
  A bullfrog skeleton (D:5)
  Crazy Yiuf (D:6)
  2 iguanas
  4 orc wizards
  A worker ant (D:4)
  A hound zombie (D:8)
  A worker ant zombie (D:5)
  A howler monkey skeleton (D:6)
  9 adders
  2 shadow imps
  An ooze (D:3)
  An adder skeleton (D:7)
  7 worms
  3 dart slugs
  5 leopard geckos
  16 orcs
  2 ball pythons
  8 bats
  5 giant cockroaches
  10 goblins
  13 hobgoblins
  7 jackals
  4 quokkas
  6 frilled lizards
  7 kobolds
  A quokka skeleton (D:8)
  8 rats
  A fungus (D:6)
173 creatures vanquished.

Notes
Turn   | Place    | Note
-------+----------+-------------------------------------------
     0 | D:1      | wolfsongas the Gnoll Wanderer began the quest for the Orb.
     0 | D:1      | wolfsongas set off with the following items: a +2 short
                  | sword, a scroll of teleportation, a potion of
                  | lignification, a +0 robe, a ration
     0 | D:1      | Reached XP level 1. HP: 17/17 MP: 1/1
   222 | D:1      | Reached XP level 2. HP: 23/23 MP: 2/2
   473 | D:1      | Reached XP level 3. HP: 17/28 MP: 3/3
  1228 | D:1      | Reached skill level 1 in Invocations
  1580 | D:2      | Reached skill level 1 in Long Blades
  1580 | D:2      | Reached skill level 1 in Axes
  1580 | D:2      | Reached skill level 1 in Polearms
  1580 | D:2      | Reached skill level 1 in Staves
  1580 | D:2      | Reached skill level 1 in Slings
  1580 | D:2      | Reached skill level 1 in Bows
  1580 | D:2      | Reached skill level 1 in Crossbows
  1580 | D:2      | Reached skill level 1 in Unarmed Combat
  1580 | D:2      | Reached skill level 1 in Spellcasting
  1580 | D:2      | Reached skill level 1 in Evocations
  1817 | D:2      | Found a snail-covered altar of Cheibriados.
  1830 | D:2      | Reached XP level 4. HP: 32/34 MP: 5/5
  1950 | D:2      | Became a worshipper of Cheibriados the Contemplative
  2281 | D:2      | Gained mutation: Your muscles are strong. (Str +2) [potion
                  | of mutation]
  2281 | D:2      | Gained mutation: Your flesh is cold resistant. (rC+)
                  | [potion of mutation]
  2374 | D:3      | Reached skill level 1 in Conjurations
  2374 | D:3      | Reached skill level 1 in Hexes
  2374 | D:3      | Reached skill level 1 in Charms
  2374 | D:3      | Reached skill level 1 in Summonings
  2374 | D:3      | Reached skill level 1 in Necromancy
  2374 | D:3      | Reached skill level 1 in Translocations
  2374 | D:3      | Reached skill level 1 in Transmutations
  2374 | D:3      | Reached skill level 1 in Fire Magic
  2374 | D:3      | Reached skill level 1 in Ice Magic
  2374 | D:3      | Reached skill level 1 in Air Magic
  2374 | D:3      | Reached skill level 1 in Earth Magic
  2374 | D:3      | Reached skill level 1 in Poison Magic
  2497 | D:3      | Reached * piety under Cheibriados
  2497 | D:3      | Reached XP level 5. HP: 39/40 MP: 6/6
  3031 | D:4      | Got an ichor-stained long sword
  3032 | D:4      | Identified the +6 long sword "Tukkywof" {drain, Str+4} (You
                  | found it on level 4 of the Dungeon)
  3126 | D:4      | Reached XP level 6. HP: 46/47 MP: 8/8
  3206 | D:4      | Noticed Edmund
  3207 | D:4      | Noticed Blork the orc
  3219 | D:4      | Killed Edmund
  3219 | D:4      | Reached XP level 7. HP: 24/52 MP: 3/10
  3221 | D:4      | Killed Blork the orc
  3632 | D:5      | Entered Level 5 of the Dungeon
  3637 | D:5      | Reached ** piety under Cheibriados
  3637 | D:5      | Reached skill level 7 in Armour
  3722 | D:5      | Found a runed translucent gate.
  3722 | D:5      | Found a runed translucent gate.
  3726 | D:5      | Found a runed translucent gate.
  3726 | D:5      | Noticed ardl's ghost (novice MiHu)
  3730 | D:5      | Found a roughly hewn altar of Beogh.
  4035 | D:6      | Noticed Eustachio
  4043 | D:6      | Killed Eustachio
  4043 | D:6      | Reached XP level 8. HP: 60/60 MP: 12/12
  4345 | D:6      | Noticed a cyclops
  4354 | D:6      | Killed a cyclops
  4354 | D:6      | Reached XP level 9. HP: 47/66 MP: 10/14
  4362 | D:6      | Reached *** piety under Cheibriados
  4378 | D:6      | Noticed Grinder
  4387 | D:6      | Paralysed by Grinder for 5 turns
  4399 | D:6      | Killed Grinder
  4912 | D:6      | Found a runed translucent door.
  4913 | D:6      | Noticed Crazy Yiuf
  4918 | D:6      | Killed Crazy Yiuf
  5171 | D:7      | Reached skill level 5 in Fighting
  5171 | D:7      | Reached skill level 5 in Short Blades
  5171 | D:7      | Reached skill level 5 in Maces & Flails
  5171 | D:7      | Reached skill level 5 in Throwing
  5171 | D:7      | Reached skill level 5 in Dodging
  5171 | D:7      | Reached skill level 5 in Shields
  5336 | D:7      | Reached skill level 5 in Stealth
  5358 | D:7      | Reached **** piety under Cheibriados
  5358 | D:7      | Reached skill level 8 in Armour
  5383 | D:7      | Found a staircase to the Ecumenical Temple.
  5447 | D:7      | Reached skill level 5 in Invocations
  5629 | D:7      | Found an opulent altar of Gozag.
  5635 | D:7      | Found a glowing silver altar of Zin.
  5635 | D:7      | Found a sparkling altar of Nemelex Xobeh.
  5635 | D:7      | Found a stormy altar of Qazlal.
  5638 | D:7      | Found an ancient bone altar of Kikubaaqudgha.
  5643 | D:7      | Found a white marble altar of Elyvilon.
  5849 | D:8      | Reached XP level 10. HP: 74/74 MP: 17/17
  5888 | D:8      | Noticed Erica
  5899 | D:8      | Killed Erica
  5899 | D:8      | Reached ***** piety under Cheibriados
  5899 | D:8      | Reached skill level 5 in Long Blades
  5899 | D:8      | Reached skill level 5 in Axes
  5899 | D:8      | Reached skill level 5 in Polearms
  5899 | D:8      | Reached skill level 5 in Staves
  5899 | D:8      | Reached skill level 5 in Slings
  5899 | D:8      | Reached skill level 5 in Bows
  5899 | D:8      | Reached skill level 5 in Crossbows
  5899 | D:8      | Reached skill level 5 in Unarmed Combat
  5899 | D:8      | Reached skill level 5 in Spellcasting
  5899 | D:8      | Reached skill level 5 in Evocations
  5962 | D:8      | Noticed a death yak
  5974 | D:8      | Killed a death yak
  5974 | D:8      | Reached skill level 5 in Ice Magic
  5975 | D:8      | Found a staircase to the Lair.
  5976 | D:8      | Noticed a death yak
  5976 | D:8      | Noticed a death yak
  5984 | D:8      | Slain by a death yak

Levels and vault maps discovered:
D:1:      minmay_arrival_shattered_statue, layout_basic
D:2:      layout_loops_ring, cheibriados_altar_1, first_ration,
          minmay_pentomino_o4
D:3:      layout_rooms
D:4:      layout_cave_pools, corexii_item_surrounded_by_moat,
          uniq_blork_the_orc, uniq_edmund
D:5:      layout_rooms, tso_oasis_becter, biasface_ghost_orc_armoury,
          st_stairs_13
D:6:      layout_rooms, minmay_manual_macuahuitl, uniq_eustachio,
          uniq_crazy_yiuf_cottage, uniq_grinder
D:7:      layout_rooms, minitemple, temple_statues, kennysheep_boxes
D:8:      layout_basic, lemuel_mausoleum_altar_yredelemnul, dpeg_lair_monsters,
          grunt_pizzeria, uniq_grum, uniq_erica

Skill      XL: |  1  2  3  4  5  6  7  8  9 10 |
---------------+-------------------------------+-----
Invocations    | 1 2 3 4 5 |  5.7
Long Blades    | 1 2 3 4 5 |  5.2
Axes           | 1 2 3 4 5 |  5.2
Polearms       | 1 2 3 4 5 |  5.2
Staves         | 1 2 3 4 5 |  5.2
Slings         | 1 2 3 4 5 |  5.2
Bows           | 1 2 3 4 5 |  5.2
Crossbows      | 1 2 3 4 5 |  5.2
Unarmed Combat | 1 2 3 4 5 |  5.2
Spellcasting   | 1 2 3 4 5 |  5.2
Evocations     | 1 2 3 4 5 |  5.2
Conjurations   | 1 2 3 4 |  4.3
Hexes          | 1 2 3 4 |  4.3
Charms         | 1 2 3 4 |  4.3
Summonings     | 1 2 3 4 |  4.3
Necromancy     | 1 2 3 4 |  4.3
Translocations | 1 2 3 4 |  4.3
Transmutations | 1 2 3 4 |  4.3
Fire Magic     | 1 2 3 4 |  4.3
Ice Magic      | 1 2 3 4 5 |  5.1
Air Magic      | 1 2 3 4 |  4.3
Earth Magic    | 1 2 3 4 |  4.3
Poison Magic   | 1 2 3 4 |  4.3
Fighting       | 3 4 5 |  5.9
Short Blades   | 3 4 5 |  5.9
Maces & Flails | 3 4 5 |  5.9
Throwing       | 3 4 5 |  5.9
Dodging        | 3 4 5 |  5.9
Shields        | 3 4 5 |  5.9
Stealth        | 3 4 5 |  5.8
Armour         | 7 8 |  8.4

Action                   |  1- 3 |  4- 6 |  7- 9 | 10-12 || total
-------------------------+-------+-------+-------+-------++-------
Melee: Short sword       |    97 |   120 |       |       ||   217
       Bite              |     4 |    21 |    44 |    10 ||    79
       Long sword        |       |    27 |   202 |    34 ||   263
  Use: Scroll            |     5 |     3 |     6 |     1 ||    15
       Potion            |       |     4 |     3 |     4 ||    11
 Stab: Sleeping          |     9 |     1 |       |       ||    10
       Distracted        |     1 |       |       |       ||     1
  Eat: Chunk             |     3 |     3 |     5 |       ||    11
Armor: Robe              |     3 |       |       |       ||     3
       Leather armour    |     8 |       |       |       ||     8
       Scale mail        |     3 |    48 |       |       ||    51
       Skin              |       |     3 |     8 |       ||    11
       Chain mail        |       |       |    48 |       ||    48
       Plate armour      |       |       |    31 |    17 ||    48
Dodge: Dodged            |    44 |    77 |   110 |    20 ||   251
Block: Buckler           |       |    30 |    72 |    15 ||   117
       Rpst.: Long sword |       |     9 |    38 |     6 ||    53

Table legend:
 A = Non-vault XP
 B = Vault XP
 C = Vault XP percentage of total XP
 D = Non-vault monster count
 E = Vault monster count
 F = Vault count percentage of total count
                 A         B        C        D         E       F
            +---------+---------+-------+---------+---------+-------
      Total |    3472 |    3258 |  48.4 |     154 |      18 |  10.5
            +---------+---------+-------+---------+---------+-------
        D:1 |      58 |       0 |   0.0 |      30 |       0 |   0.0
        D:2 |      45 |      22 |  32.8 |      19 |       4 |  17.4
        D:3 |      64 |       0 |   0.0 |      19 |       0 |   0.0
        D:4 |     273 |     257 |  48.5 |      17 |       2 |  10.5
        D:5 |     418 |      48 |  10.3 |      12 |       1 |   7.7
        D:6 |     704 |    1148 |  62.0 |      17 |       7 |  29.2
        D:7 |    1495 |       0 |   0.0 |      32 |       0 |   0.0
        D:8 |     415 |    1783 |  81.1 |       8 |       4 |  33.3
            +---------+---------+-------+---------+---------+-------
